AoeStats
← 澄海老潘

Arabia

510084919Analyzed
1v1 RM · 3d ago on Sep 29, 2026· 20m 0s· 2 players
Game mode
Random Map
Map size
Tiny (2 player)
Population
200
Speed
Normal
Resources
Standard
Victory
Conquest
Starting age
Dark Age
Ending age
Imperial Age
RankedLock teamsTeams togetherTeam positionsShared explorationLock speedFull tech treeHidden civsTurbo modeCheats
Victory
Defeat
🇨🇳 Mongols · China
1176
+44
🇹🇼 Franks · Taiwan
1199
-17
澄海老潘
7:59 Feudal Age
7:56 Loom
8:28 Double-Bit Axe
9:01 Horse Collar
17:05 Wheelbarrow
19:19 Castle Age
18:14 Scale Barding Armor
18:15 Gold Mining
18:42 Bloodlines
19:07 Forging
20:52 Chain Barding Armor
Roger
7:29 Loom
10:35 Feudal Age
15:32 Double-Bit Axe
Connection lost

Rejoining the realm…

Still unreachable

The connection could not be restored.

Session expired

The server has moved on; the page needs a fresh start.